 Dungeon Crawl Stone Soup version 0.19-a0-1875-g4fea3da (webtiles) character file.

56 vev the Magician (level 3, -3/26 HPs)
             Began as a Demigod Wizard on Oct 13, 2016.
             Killed by divine providence
             ... invoked by an orc priest
              (8 damage)
             ... on level 2 of the Dungeon.
             The game lasted 00:02:35 (1932 turns).

vev the Magician (Demigod Wizard)                   Turns: 1932, Time: 00:02:36

Health: -3/26      AC:  3    Str: 10    XL:     3   Next: 48%
Magic:  10/10      EV: 13    Int: 24    God:
Gold:   83         SH:  0    Dex: 14    Spells: 1 memorised, 7 levels left

rFire  . . .     SeeInvis .     p - +1 long sword (slice)
rCold  . . .     Gourm    .     a - +0 robe
rNeg   . . .     Faith    .     (no shield)
rPois  .         Spirit   .     b - +0 hat
rElec  .         Dismiss  .     h - +0 cloak
rCorr  .         Reflect  .     (no gloves)
MR     .....     Harm     .     (no boots)
Stlth  ++........               (no amulet)
                                (no ring)
                                (no ring)

@: no status effects
A: high mp 1
a: no special abilities


You were on level 2 of the Dungeon.
You were not hungry.

You visited 1 branch of the dungeon, and saw 3 of its levels.

You collected 83 gold pieces.

Inventory:

Hand Weapons
 f - a +0 hand axe
 i - a +0 spear
 p - a +1 long sword of slicing (weapon)
Armour
 a - a +0 robe (worn)
 b - a +0 hat (worn)
 h - a +0 cloak (worn)
Jewellery
 e - an uncursed amulet of magic regeneration {unknown}
Scrolls
 j - a scroll of remove curse {unknown}
 l - a scroll of identify {unknown}
 m - a scroll of recharging {unknown}
 o - a scroll of immolation {unknown}
Potions
 g - a potion of might {unknown}
 k - a potion of heal wounds {unknown}
 n - a potion of agility {unknown}
Books
 c - a book of Minor Magic

   Spells                             Type                      Level
   a - Magic Dart                     Conjuration                  1
   b - Blink                          Translocation                2
   c - Call Imp                       Summoning                    2
   d - Repel Missiles                 Charms/Air                   2
   e - Slow                           Hexes                        2
   f - Conjure Flame                  Conjuration/Fire             3
   g - Mephitic Cloud                 Conjuration/Poison/Air       3
Comestibles
 d - 2 bread rations


   Skills:
 + Level 2.4 Dodging
 + Level 2.5 Stealth
 + Level 3.0 Spellcasting
 + Level 1.6 Conjurations
   Level 0.8 Summonings
   Level 0.8 Translocations


You had 7 spell levels left.
You knew the following spells:

 Your Spells              Type           Power        Failure   Level  Hunger
a - Magic Dart            Conj           ##..         8%          1    None


Dungeon Overview and Level Annotations

Branches:
Dungeon (3/15)


Innate Abilities, Weirdness & Mutations

You have an increased reservoir of magic. (+10% MP)


Message History

You barely miss the orc priest. The orc priest hits you.
You slash the orc priest!
The orc priest is heavily wounded.
The orc priest closely misses you. The orc priest completely misses you.
You hit the orc priest but do no damage.
The orc priest is heavily wounded.
The orc priest closely misses you.
You riposte.
You completely miss the orc priest.
The orc priest is heavily wounded.
You hit the orc priest.
The orc priest is severely wounded.
The orc priest calls down the wrath of Beogh upon you.
Beogh smites you!
Ouch! That really hurt!
* * * LOW HITPOINT WARNING * * *
You closely miss the orc priest.
The orc priest is severely wounded.
The orc priest calls down the wrath of Beogh upon you.
Beogh smites you!
You die...

########## ##...##...##
##..........##
#............#
#............#
#########............# #
#........)..........#####
#.............#.......#..
#.......@o<####.####....#
#..........####.###.>.#..
#...................#....
##############...........
#.....####.....
####.###.#####...(
#####....# #..........
#.....#### #.#####....
#.##### #.### ##...


You could see an orc priest.

Vanquished Creatures
  An adder (D:2)
  A dart slug (D:1)
  2 leopard geckos (D:1)
  3 ball pythons
  2 bats (D:1)
  5 goblins
  3 hobgoblins
  4 jackals (D:1)
  4 kobolds
  2 quokkas (D:2)
  15 frilled lizards
  3 rats (D:1)
45 creatures vanquished.

Notes
Turn   | Place    | Note
-------+----------+-------------------------------------------
     0 | D:1      | vev the Demigod Wizard began the quest for the Orb.
     0 | D:1      | Reached XP level 1. HP: 14/14 MP: 6/6
    43 | D:1      | Reached skill level 1 in Conjurations
   342 | D:1      | Reached skill level 2 in Dodging
   417 | D:1      | Reached XP level 2. HP: 20/20 MP: 8/8
   449 | D:1      | Reached skill level 2 in Stealth
   814 | D:1      | Reached skill level 3 in Spellcasting
  1042 | D:1      | Reached XP level 3. HP: 26/26 MP: 10/10
  1877 | D:2      | Found an iron altar of Okawaru.
  1932 | D:2      | Killed from afar by an orc priest

Vault maps used:
D:1:      dpeg_arrival_solitude, st_stairs_14, minmay_lizard_pond
D:2:      first_bread, kennysheep_okawaru_gauntlet
D:3:      nicolae_tso_carved_into_rock, uniq_sigmund

Skill      XL: |  1  2 |
---------------+-------+-----
Conjurations   | 1 |  1.6
Dodging        | 2 |  2.4
Stealth        | 2 |  2.5
Spellcasting   | 3 |  3.0
Summonings     | |  0.8
Translocations | |  0.8

Action                   || total
-------------------------++-------
Melee: Hand axe          ||   103
       Unarmed           ||     1
       Long sword        ||     5
 Cast: Magic Dart        ||    24
 Stab: Sleeping          ||     3
  Eat: Bread ration      ||     1
       Chunk             ||     1
Armor: Robe              ||    36
Dodge: Dodged            ||   107
       Rpst.: Long sword ||     1
